 Dungeon Crawl Stone Soup version 0.27-a0-1591-gc56fcc985a (webtiles) character file.

Game seed: 5941253381036428488

72 PentaManta the Vandal (level 4, -1/22 HPs)
             Began as a Spriggan Hunter on July 19, 2021.
             Slain by a goblin (4 damage)
             ... led by Robin
             ... on level 2 of the Dungeon.
             The game lasted 00:03:19 (1511 turns).

PentaManta the Vandal (Spriggan Hunter)             Turns: 1511, Time: 00:03:20

Health: -1/22      AC:  3    Str:  8    XL:     4   Next: 6%
Magic:  5/5        EV: 17    Int: 12    God:
Gold:   16         SH:  0    Dex: 16    Spells: 3/3 levels left

rFire    . . .     SeeInvis +   a - +1 hunting sling
rCold    . . .     Faith    .   (shield restricted)
rNeg     . . .     Spirit   .   c - +0 robe
rPois    .         Reflect  .   (helmet restricted)
rElec    .         Harm     .   l - +0 cloak
rCorr    .         Rampage  .   (gloves unavailable)
Will     .....                  (boots unavailable)
Stlth    +++.......             (no amulet)
HPRegen  0.07/turn              (no ring)
MPRegen  0.09/turn              (no ring)

@: very quick
A: very small, no large weapons, unfitting armour, see invisible, speed 3
a: no special abilities


You were on level 2 of the Dungeon.
You visited 1 branch of the dungeon, and saw 2 of its levels.

You collected 52 gold pieces.
You spent 36 gold pieces at shops.

Inventory:

Hand Weapons
 a - a +1 hunting sling (weapon)
 k - a +2 dagger of venom
Missiles
 d - 50 sling bullets
 e - 4 stones (quivered ammo)
Armour
 c - a +0 robe (worn)
 l - a +0 cloak (worn)
Scrolls
 f - 2 scrolls of magic mapping {unknown}
 h - a scroll of immolation {unknown}
 i - 4 scrolls of silence {unknown}
 j - a scroll of identify {unknown}
Potions
 b - a potion of magic {unknown}
 g - a potion of mutation {unknown}
 m - a potion of curing


   Skills:
 - Level 1.5 Fighting
 + Level 5.9 Slings
 - Level 2.6 Dodging
 + Level 4.5 Stealth


You had 3 spell levels left.
You didn't know any spells.
Your spell library was empty.

Dungeon Overview and Level Annotations

Branches:
Dungeon (2/15)

Altars:

Shops:
D:2 !!

Annotations:
D:2 Robin


Innate Abilities, Weirdness & Mutations

You are very small and have problems with some larger weapons.
You are too small for most types of armour.
You have supernaturally acute eyesight. (SInv)
You cover ground extremely quickly. (Speed+++)


Message History

The goblin no longer looks unusually strong.
The hound misses you.
You hit the hound but do no damage.
The hound looks even sicker.
The hound is heavily wounded.
The hound barely misses you. The hound closely misses you.
You closely miss the hound.
The hound is heavily wounded.
The hound bites you.
You hit the hound.
The hound looks as sick as possible!
The hound is severely wounded.
The hound completely misses you. The hound bites you.
You barely miss the hound.
The hound is almost dead.
You kill the hound!
Your Stealth skill increases to level 4!
You have reached level 4!
You barely miss the goblin. The goblin hits you with a +0 dagger.
You hit the goblin.
You kill the goblin!
The goblin hits you with a +0 club. The goblin closely misses you.
Things that are here:
a +0 club; a goblin corpse A goblin comes into view.
It is wielding a +0 club.
Your +2 dagger of venom stops dripping with poison.
a - a +1 hunting sling (weapon)
2 goblins come into view.
There is a stone staircase leading up here.
You shoot a stone. The goblin shouts!
The stone hits the goblin.
The goblin is moderately wounded.
You shoot a stone. The stone completely misses the goblin.
Robin says, "Bow before me, strongest of all the hobgoblins!"
Robin zaps a wand.
The puff of flame hits you!
Ouch! That really hurt!
* * * LOW HITPOINT WARNING * * *
A goblin comes into view. It is wielding a +0 dagger.
You are too injured to fight recklessly!
Robin throws the goblin at you! The goblin hits you with a +0 club.
You die...

##$#.(#((.(..##...#.....
.##..##g..#####.(.......
...g##....### ##†#>.....
..h.g........####....####
......g...##.#().........
.......g.......##..(.....
...............###........
.........ggg∩..#........
........g@#.............
.......†>.###..#........
.........#####.#........
......[..)..# .........
.....######.# .#.. ...## #
###. ..[ ..


You could see Robin and 8 goblins.

Vanquished Creatures
  A hound (D:2)
  2 worms (D:2)
  A dart slug (D:1)
  2 bats (D:1)
  4 endoplasms
  5 giant cockroaches
  2 goblins (D:2)
  3 hobgoblins
  2 jackals (D:1)
  3 kobolds (D:1)
  3 ball pythons (D:1)
  3 frilled lizards (D:1)
  3 rats
34 creatures vanquished.

Notes
Turn   | Place    | Note
-------+----------+-------------------------------------------
     0 | D:1      | PentaManta the Spriggan Hunter began the quest for the Orb.
     0 | D:1      | Reached XP level 1. HP: 10/10 MP: 2/2
     4 | D:1      | Noticed a black mamba
     7 | D:1      | Noticed an anaconda
   149 | D:1      | Reached skill level 5 in Slings
   434 | D:1      | Reached XP level 2. HP: 14/14 MP: 3/3
  1063 | D:1      | Found a faded altar of an unknown god.
  1181 | D:2      | Found Mebaz's Distillery.
  1361 | D:2      | Reached XP level 3. HP: 18/18 MP: 4/4
  1376 | D:2      | Bought a potion of curing for 36 gold pieces
  1383 | D:2      | Found Comajikh's Distillery.
  1466 | D:2      | Noticed Robin
  1499 | D:2      | Reached XP level 4. HP: 19/22 MP: 5/5
  1511 | D:2      | Slain by a goblin

Illustrated notes

Levels and vault maps discovered:
D:1:      sevenhm_arrival_forest_fort_small_2, layout_loops_corners,
          chequers_ecumenical_altar_lobes
D:2:      layout_rooms, serial_shops, shop, shop, shop,
          nicolae_shop_statue_plus, minmay_pentomino_w4, uniq_robin

Skill      XL: |  1  2  3 |
---------------+----------+-----
Stealth        | 2 3 4 |  4.5
Slings         | 5 |  5.9
Fighting       | |  1.5
Dodging        | |  2.6

Action                   |  1- 3 |  4- 6 || total
-------------------------+-------+-------++-------
Melee: Dagger            |     5 |     2 ||     7
 Fire: Hunting sling     |   101 |     2 ||   103
Armor: Robe              |     4 |     1 ||     5
Dodge: Dodged            |    22 |     1 ||    23

Table legend: (Time is in decaauts)
 A = Elapsed time spent in this place.
 B = Non-inter-level travel time spent in this place.
 C = Inter-level travel time spent in this place.
 D = Time resting spent in this place.
 E = Time spent auto-exploring this place.
 F = Levels seen in this place.
 G = Mean time per level.
                   A        B        C        D        E       F      G
               +--------+--------+--------+--------+--------+-----+--------+
         Total |   1064 |    960 |    104 |    182 |    543 |   2 |  532.0 |
       Dungeon |   1064 |    960 |    104 |    182 |    543 |   2 |  532.0 |
               +--------+--------+--------+--------+--------+-----+--------+

Top non-repeatable levels by time:
     D:1: 948 daAuts
     D:2: 116 daAuts
